Blues vs Jets
Created - January 6, 2021 at 21:18
Goals
|
| Blues |
1 |
3 |
1 |
5 |
| Jets |
0 |
1 |
1 |
2 |
|
Shots
|
| Blues |
4 |
9 |
18 |
31 |
| Jets |
9 |
6 |
7 |
22 |
|
1st period
1. Blues , Sergei Shirokov 9 (Alex Pietrangelo 29, Ryan O'Reilly 17) at 16:54
Penalties :
Dwight King (Win) for Roughing (Minor) at 1:22, Michael Matheson (Win) for Tripping (Minor) at 4:07, Jacob Trouba (Win) for Boarding (Minor) at 13:01, David Perron (STL) for High sticking (Minor) at 18:32
2nd period
2. Blues , Drew Shore 10 (Ryan Murray 11, Anthony Mantha 5) at 4:04
3. Blues , Jordan Eberle 16 (Alex Pietrangelo 30, Filip Forsberg 17) at 15:53 (PP)
4. Blues , Fabian Brunnstrom 8 (Alex Pietrangelo 31, Jordan Eberle 11) at 18:22
5. Jets , Ryan Johansen 17 (Marcus Johansson 14, Nino Niederreiter 20) at 19:29
Penalties :
Corey Perry (Win) for Hooking (Minor) at 4:30, Fabian Brunnstrom (STL) for Tripping (Minor) at 6:43, Alex Pietrangelo (STL) for Hooking (Minor) at 9:44, Yann Sauvé (STL) for Tripping (Minor) at 13:15, Erik Haula (Win) for Holding (Minor) at 15:43
3rd period
6. Blues , Nicklas Backstrom 22 (Alex Pietrangelo 32, Jordan Eberle 12) at 0:16
7. Jets , Ronalds Kenins 2 (Kevin Hayes 9) at 4:19
Penalties :
Jordan Eberle (STL) for Roughing (Minor) at 5:42, Jaccob Slavin (Win) for Hooking (Minor) at 10:33, Shayne Gostisbehere (STL) for Goalie Interference (Minor) at 14:44
Goalie Stats
Carey Price (STL), 20 saves from 22 shots - (0.909), W, 16-7-4, 60:00 minutes
Jonathan Bernier (Win), 8 saves from 12 shots - (0.667), L, 4-11-1, 38:22 minutes
Kari Lehtonen (Win), 18 saves from 19 shots - (0.947), 21:38 minutes
Players Stats for Blues
Player Name G A P +/- PIM S H SB GA TA FO MP PP MP PK MP
------------------------------------------------------------------------------------
Alex Pietrangelo 0 4 4 2 2 4 1 1 2 2 0/0 22:41 5:48 0:00
Anthony Mantha 0 1 1 2 0 1 0 0 0 0 0/0 8:58 0:00 0:00
Cody Ceci 0 0 0 0 0 0 1 0 0 0 0/0 17:14 0:19 7:36
David Perron 0 0 0 -1 2 1 2 0 0 0 0/0 20:21 4:38 3:35
Drew Shore 1 0 1 2 0 3 2 1 1 0 3/13 15:30 0:00 6:23
Fabian Brunnstrom 1 0 1 2 2 1 2 0 1 0 0/0 10:21 0:00 1:17
Filip Forsberg 0 1 1 1 0 1 1 0 0 0 1/2 18:55 5:27 3:11
Gustav Nyquist 0 0 0 0 0 0 0 0 0 1 0/0 6:39 0:00 0:00
Jake Gardiner 0 0 0 0 0 2 2 2 0 0 0/0 23:46 5:48 4:19
Jimmy Vesey 0 0 0 0 0 2 2 0 0 0 0/0 6:39 0:00 0:00
Jordan Eberle 1 2 3 -1 2 2 0 1 0 0 2/4 23:42 5:27 5:21
Nicklas Backstrom 1 0 1 -1 0 4 0 0 0 1 13/23 17:23 5:27 0:00
Ryan Murray 0 1 1 2 0 1 0 0 0 1 0/0 24:36 3:58 4:18
Ryan O'Reilly 0 1 1 1 0 3 1 0 1 0 4/9 18:02 4:38 4:01
Sergei Shirokov 1 0 1 1 0 2 1 0 0 1 1/1 13:51 4:38 0:00
Shayne Gostisbehere 0 0 0 0 2 2 0 0 0 1 0/0 14:40 4:17 1:09
Vincent Lecavalier 0 0 0 0 0 1 0 0 0 0 0/3 6:39 0:00 0:00
Yann Sauvé 0 0 0 0 2 1 1 1 0 0 0/0 18:03 0:00 6:26
Players Stats for Jets
Player Name G A P +/- PIM S H SB GA TA FO MP PP MP PK MP
------------------------------------------------------------------------------------
Adam Henrique 0 0 0 -2 0 2 2 0 1 0 0/1 21:05 5:36 3:03
Corey Perry 0 0 0 -2 2 2 0 1 0 0 1/1 22:25 5:33 4:07
Derek Stepan 0 0 0 -2 0 3 0 0 0 0 18/34 26:21 5:33 5:00
Dwight King 0 0 0 0 2 0 0 0 0 0 0/0 3:43 0:00 0:00
Erik Haula 0 0 0 0 2 0 1 0 1 0 1/3 10:32 0:10 0:46
Jaccob Slavin 0 0 0 -2 2 2 3 3 0 0 0/0 20:03 4:29 2:58
Jacob Trouba 0 0 0 -2 2 0 0 2 1 2 0/0 19:38 4:29 3:01
Kevin Hayes 0 1 1 0 0 1 1 1 0 0 1/1 12:07 0:10 2:06
Marco Scandella 0 0 0 0 0 0 0 1 0 0 0/0 30:27 7:25 6:05
Marcus Johansson 0 1 1 0 0 1 4 0 0 1 0/1 20:01 6:08 1:56
Michael Matheson 0 0 0 0 2 0 1 0 0 0 0/0 9:08 0:00 0:19
Miro Aaltonen 0 0 0 0 0 0 1 0 0 0 0/0 3:41 0:00 0:00
Nino Niederreiter 0 1 1 0 0 3 0 0 0 1 0/0 21:04 6:08 3:03
Noel Acciari 0 0 0 0 0 0 0 0 0 0 1/1 0:59 0:16 0:00
Robert Hagg 0 0 0 0 0 0 1 2 0 0 0/0 10:21 0:00 1:42
Ronalds Kenins 1 0 1 0 0 2 0 0 1 0 0/1 9:46 0:00 0:09
Ryan Johansen 1 0 1 0 0 4 1 1 1 0 9/12 18:01 6:08 0:00
Tyler Myers 0 0 0 0 0 2 4 0 2 1 0/0 30:27 7:25 6:05
3 Stars
1 - Alex Pietrangelo (STL)
2 - Drew Shore (STL)
3 - Jordan Eberle (STL)
Power Play
Blues - 1 on 6 Attempt(s) - 16.67%
Jets - 0 on 6 Attempt(s) - 0.00%
Penalty Kill
Blues - 6 on 6 Attempt(s) - 100.00%
- Score 0 goal in Penalty Kill
Jets - 5 on 6 Attempt(s) - 83.33%
- Score 0 goal in Penalty Kill
Team Stat
Blues - Hits : 16 - Faceoff Wins : 24 - Blocked Shots : 6 - Penalty Minutes : 12
Jets - Hits : 19 - Faceoff Wins : 31 - Blocked Shots : 11 - Penalty Minutes : 12
Official
Referees : Unknown
Linesman : Unknown
Game Notes
Kari Lehtonen enters game at 18:22 of 2nd period
Finance
Level 1 -- Attendance: 5850 (97.50%) -- Ticket Income $614,250
Level 2 -- Attendance: 5000 (100.00%) -- Ticket Income $325,000
Level 3 -- Attendance: 2000 (100.00%) -- Ticket Income $84,000
Level 4 -- Attendance: 4000 (100.00%) -- Ticket Income $96,000
Luxury Box -- Attendance: 997 (99.70%) -- Ticket Income $181,454
Game was played at the MTS Center.
Total Attendance: 17847 (99.15%)
Total Ticket Income: $1,300,704
Other Income: $195,106
Total Income: $1,495,810
Blues
5 vs 5 Forward
Center Left Wing Right Wing Time % Phy DF OF
1 Nicklas Backstrom David Perron Jordan Eberle 40 1 2 2
2 Ryan O'Reilly Filip Forsberg Sergei Shirokov 30 1 2 2
3 Drew Shore Fabian Brunnstrom Anthony Mantha 20 1 2 2
4 Vincent Lecavalier Jimmy Vesey Gustav Nyquist 10 1 2 2
5 vs 5 Defense
Defense Defense Time % Phy DF OF
1 Alex Pietrangelo Ryan Murray 40 1 2 2
2 Yann Sauvé Jake Gardiner 30 1 2 2
3 Cody Ceci Shayne Gostisbehere 20 1 2 2
4 Alex Pietrangelo Jake Gardiner 10 1 2 2
PowerPlay Forward
Center Left Wing Right Wing Time % Phy DF OF
1 Nicklas Backstrom Filip Forsberg Jordan Eberle 60 1 1 3
2 Ryan O'Reilly David Perron Sergei Shirokov 40 1 1 3
PowerPlay Defense
Defense Defense Time % Phy DF OF
1 Alex Pietrangelo Jake Gardiner 60 1 2 2
2 Shayne Gostisbehere Ryan Murray 40 1 2 2
Penalty Kill 4 Players Forward
Center Wing Time % Phy DF OF
1 Drew Shore Jordan Eberle 60 1 3 1
2 Ryan O'Reilly David Perron 40 1 3 1
Penalty Kill 4 Players Defense
Defense Defense Time % Phy DF OF
1 Yann Sauvé Cody Ceci 60 2 3 0
2 Ryan Murray Jake Gardiner 40 2 3 0
Penalty Kill - 3 Players Forward
Forward Time % Phy DF OF
1 Nicklas Backstrom 60 1 2 2
2 Jordan Eberle 40 1 2 2
Penalty Kill - 3 Players Defense
Defense Defense Time % Phy DF OF
1 Alex Pietrangelo Cody Ceci 60 1 2 2
2 Ryan Murray Yann Sauvé 40 1 2 2
4 vs 4 Forward
Center Wing Time % Phy DF OF
1 Nicklas Backstrom Jordan Eberle 60 1 2 2
2 Ryan O'Reilly David Perron 40 1 2 2
4 vs 4 Defense
Defense Defense Time % Phy DF OF
1 Alex Pietrangelo Cody Ceci 60 1 2 2
2 Jake Gardiner Yann Sauvé 40 1 2 2
Last Minutes Offensive
Center Left Wing Right Wing Defense Defense
Nicklas Backstrom David Perron Jordan Eberle Alex Pietrangelo Jake Gardiner
Last Minutes Defensive
Center Left Wing Right Wing Defense Defense
Drew Shore David Perron Jordan Eberle Yann Sauvé Cody Ceci
Goaltenders
Starting : Carey Price
Backup : Pascal Leclaire
Extra Forwards
Normal : Sergei Shirokov, Vincent Lecavalier, Ryan O'Reilly - PP : Gustav Nyquist, Nicklas Backstrom - PK : Filip Forsberg
Extra Defensemen
Normal : Shayne Gostisbehere, Cody Ceci, Jake Gardiner - PP : Shayne Gostisbehere - PK : Shayne Gostisbehere, Jake Gardiner
Penalty Shots
David Perron, Jordan Eberle, Filip Forsberg, Vincent Lecavalier, Nicklas Backstrom
Scratches
Simon Gagné (Healthy)
Jets
5 vs 5 Forward
Center Left Wing Right Wing Time % Phy DF OF
1 Derek Stepan Adam Henrique Corey Perry 40 1 2 2
2 Ryan Johansen Marcus Johansson Nino Niederreiter 30 1 2 2
3 Erik Haula Ronalds Kenins Kevin Hayes 20 1 2 2
4 Miro Aaltonen Dwight King Derek Stepan 10 1 2 2
5 vs 5 Defense
Defense Defense Time % Phy DF OF
1 Tyler Myers Marco Scandella 40 1 2 2
2 Jacob Trouba Jaccob Slavin 30 1 2 2
3 Michael Matheson Robert Hagg 20 1 2 2
4 Tyler Myers Marco Scandella 10 1 2 2
PowerPlay Forward
Center Left Wing Right Wing Time % Phy DF OF
1 Derek Stepan Adam Henrique Corey Perry 60 1 2 2
2 Ryan Johansen Marcus Johansson Nino Niederreiter 40 1 2 2
PowerPlay Defense
Defense Defense Time % Phy DF OF
1 Tyler Myers Marco Scandella 60 1 2 2
2 Jacob Trouba Jaccob Slavin 40 1 2 2
Penalty Kill 4 Players Forward
Center Wing Time % Phy DF OF
1 Derek Stepan Corey Perry 60 1 2 2
2 Adam Henrique Nino Niederreiter 40 1 2 2
Penalty Kill 4 Players Defense
Defense Defense Time % Phy DF OF
1 Tyler Myers Marco Scandella 60 1 2 2
2 Jacob Trouba Jaccob Slavin 40 1 2 2
Penalty Kill - 3 Players Forward
Forward Time % Phy DF OF
1 Derek Stepan 60 1 2 2
2 Corey Perry 40 1 2 2
Penalty Kill - 3 Players Defense
Defense Defense Time % Phy DF OF
1 Tyler Myers Marco Scandella 60 1 2 2
2 Jacob Trouba Jaccob Slavin 40 1 2 2
4 vs 4 Forward
Center Wing Time % Phy DF OF
1 Derek Stepan Corey Perry 60 1 2 2
2 Adam Henrique Nino Niederreiter 40 1 2 2
4 vs 4 Defense
Defense Defense Time % Phy DF OF
1 Tyler Myers Marco Scandella 60 1 2 2
2 Jacob Trouba Jaccob Slavin 40 1 2 2
Last Minutes Offensive
Center Left Wing Right Wing Defense Defense
Derek Stepan Adam Henrique Corey Perry Tyler Myers Marco Scandella
Last Minutes Defensive
Center Left Wing Right Wing Defense Defense
Derek Stepan Adam Henrique Corey Perry Tyler Myers Marco Scandella
Goaltenders
Starting : Jonathan Bernier
Backup : Kari Lehtonen
Extra Forwards
Normal : Noel Acciari, Erik Haula, Kevin Hayes - PP : Noel Acciari, Erik Haula - PK : Kevin Hayes
Extra Defensemen
Normal : Michael Matheson, Robert Hagg, Jacob Trouba - PP : Michael Matheson - PK : Robert Hagg, Jacob Trouba
Penalty Shots
Derek Stepan, Corey Perry, Adam Henrique, Nino Niederreiter, Marcus Johansson
Scratches
None
% Time on Ice - Blues
Lines # - Real PCT - Wanted PCT - Time Play
Normal Forward
1 - 34% - 40% - 13:01
2 - 25% - 30% - 9:23
3 - 24% - 20% - 8:58
4 - 17% - 10% - 6:39
Normal Defense
1 - 42% - 40% - 16:04
2 - 34% - 30% - 12:59
3 - 20% - 20% - 7:30
4 - 4% - 10% - 1:28
PP Forward
1 - 54% - 60% - 5:27
2 - 46% - 40% - 4:38
PP Defense
1 - 58% - 60% - 5:48
2 - 42% - 40% - 4:17
PK Forward
1 - 74% - 60% - 8:50
2 - 26% - 40% - 3:04
PK Defense
1 - 66% - 60% - 7:52
2 - 34% - 40% - 4:02
PK3 Forward
1 - 0% - 60%
2 - 0% - 40%
PK3 Defense
1 - 0% - 60%
2 - 0% - 40%
44 Forward
1 - 0% - 60%
2 - 0% - 40%
44 Defense
1 - 0% - 60%
2 - 0% - 40%
Last Minute Offensive - 0:00
Last Minute Defensive - 0:00
Total
Forward - 60:00
Defense - 60:00
|
% Time on Ice - Jets
Lines # - Real PCT - Wanted PCT - Time Play
Normal Forward
1 - 34% - 40% - 12:50
2 - 31% - 30% - 11:53
3 - 25% - 20% - 9:37
4 - 10% - 10% - 3:41
Normal Defense
1 - 45% - 40% - 16:57
2 - 34% - 30% - 12:50
3 - 22% - 20% - 8:14
4 - 0% - 10% - 0:00
PP Forward
1 - 48% - 60% - 5:46
2 - 52% - 40% - 6:08
PP Defense
1 - 62% - 60% - 7:25
2 - 38% - 40% - 4:29
PK Forward
1 - 70% - 60% - 7:02
2 - 30% - 40% - 3:03
PK Defense
1 - 60% - 60% - 6:05
2 - 40% - 40% - 4:00
PK3 Forward
1 - 0% - 60%
2 - 0% - 40%
PK3 Defense
1 - 0% - 60%
2 - 0% - 40%
44 Forward
1 - 0% - 60%
2 - 0% - 40%
44 Defense
1 - 0% - 60%
2 - 0% - 40%
Last Minute Offensive - 0:00
Last Minute Defensive - 0:00
Total
Forward - 60:00
Defense - 60:00
|
Play-by-Play
1st period
0:01 of 1st period - Derek Stepan wins face-off versus Nicklas Backstrom in neutral zone.
0:48 of 1st period - Slapshot by Fabian Brunnstrom.
0:48 of 1st period - Shot Blocked by Jaccob Slavin.
1:22 of 1st period - Minor Penalty to Dwight King for Roughing.
1:23 of 1st period - Derek Stepan wins face-off versus Nicklas Backstrom in Jets zone.
1:38 of 1st period - Marco Scandella is hit by Alex Pietrangelo and loses puck.
2:05 of 1st period - Slapshot by Jake Gardiner.
2:05 of 1st period - Shot Misses the Net.
2:19 of 1st period - Snap shot by Ryan O'Reilly.
2:19 of 1st period - Shot Misses the Net.
3:00 of 1st period - Filip Forsberg is hit by Kevin Hayes.
3:22 of 1st period - Penalty to Dwight King is over, Dwight King is back on ice.
3:36 of 1st period - Snap shot by Anthony Mantha.
3:36 of 1st period - Shot Misses the Net.
3:54 of 1st period - Robert Hagg is hit by Jimmy Vesey and loses puck.
4:07 of 1st period - Minor Penalty to Michael Matheson for Tripping.
4:08 of 1st period - Jordan Eberle wins face-off versus Derek Stepan in Jets zone.
5:08 of 1st period - Off-side.
5:09 of 1st period - Derek Stepan wins face-off versus Ryan O'Reilly in neutral zone.
5:23 of 1st period - Off-side.
5:24 of 1st period - Derek Stepan wins face-off versus Filip Forsberg in neutral zone.
5:55 of 1st period - Snap shot by Nino Niederreiter.
5:55 of 1st period - Shot Misses the Net.
6:07 of 1st period - Penalty to Michael Matheson is over, Michael Matheson is back on ice.
7:15 of 1st period - Icing by Yann Sauvé.
7:16 of 1st period - Sergei Shirokov wins face-off versus Derek Stepan in Blues zone.
7:16 of 1st period - Sergei Shirokov is hit by Michael Matheson.
7:42 of 1st period - Nicklas Backstrom is hit by Ryan Johansen and loses puck.
8:19 of 1st period - Wrist shot by Ronalds Kenins.
8:19 of 1st period - Stopped by Carey Price without a rebound.
8:20 of 1st period - Nicklas Backstrom wins face-off versus Derek Stepan in Blues zone.
9:37 of 1st period - Snap shot by Ryan Murray.
9:37 of 1st period - Shot Blocked by Jaccob Slavin.
10:14 of 1st period - Snap shot by Filip Forsberg.
10:14 of 1st period - Stopped by Jonathan Bernier without a rebound.
10:15 of 1st period - Ryan O'Reilly wins face-off versus Erik Haula in Jets zone.
10:32 of 1st period - Wrist shot by Ryan O'Reilly.
10:32 of 1st period - Shot Blocked by Kevin Hayes.
11:14 of 1st period - Off-side.
11:15 of 1st period - Ryan Johansen wins face-off versus Vincent Lecavalier in neutral zone.
11:24 of 1st period - Snap shot by Nino Niederreiter.
11:24 of 1st period - Shot Misses the Net.
11:26 of 1st period - Slapshot by Tyler Myers.
11:26 of 1st period - Stopped by Carey Price with a rebound.
11:28 of 1st period - Slapshot by Tyler Myers.
11:28 of 1st period - Stopped by Carey Price without a rebound.
11:29 of 1st period - Ryan Johansen wins face-off versus Nicklas Backstrom in Blues zone.
11:46 of 1st period - Wrist shot by Nino Niederreiter.
11:46 of 1st period - Stopped by Carey Price with a rebound.
12:43 of 1st period - Snap shot by Jimmy Vesey.
12:43 of 1st period - Stopped by Jonathan Bernier without a rebound.
12:44 of 1st period - Erik Haula wins face-off versus Vincent Lecavalier in Jets zone.
12:44 of 1st period - Erik Haula is hit by Jake Gardiner.
13:01 of 1st period - Minor Penalty to Jacob Trouba for Boarding.
13:02 of 1st period - Derek Stepan wins face-off versus Jordan Eberle in Jets zone.
13:38 of 1st period - Snap shot by Sergei Shirokov.
13:38 of 1st period - Shot Misses the Net.
14:34 of 1st period - Wrist shot by Marcus Johansson.
14:34 of 1st period - Stopped by Carey Price with a rebound.
14:36 of 1st period - Backhand shot by Kevin Hayes.
14:36 of 1st period - Stopped by Carey Price without a rebound.
14:37 of 1st period - Kevin Hayes wins face-off versus Nicklas Backstrom in Blues zone.
14:51 of 1st period - Ryan Murray is hit by Marcus Johansson and loses puck.
15:01 of 1st period - Penalty to Jacob Trouba is over, Jacob Trouba is back on ice.
15:08 of 1st period - Backhand shot by Adam Henrique.
15:08 of 1st period - Stopped by Carey Price without a rebound.
15:09 of 1st period - Derek Stepan wins face-off versus Drew Shore in Blues zone.
15:34 of 1st period - Jake Gardiner is hit by Tyler Myers and loses puck.
15:57 of 1st period - Snap shot by Sergei Shirokov.
15:57 of 1st period - Shot Misses the Net.
15:59 of 1st period - Slapshot by Ryan Murray.
15:59 of 1st period - Stopped by Jonathan Bernier without a rebound.
16:00 of 1st period - Ryan O'Reilly wins face-off versus Derek Stepan in Jets zone.
16:28 of 1st period - Snap shot by Adam Henrique.
16:28 of 1st period - Shot Misses the Net.
16:52 of 1st period - Slapshot by Alex Pietrangelo.
16:52 of 1st period - Shot Misses the Net.
16:54 of 1st period - Snap shot by Sergei Shirokov.
16:54 of 1st period - Goal by Sergei Shirokov - Blues : 1 - Jets : 0.
16:55 of 1st period - Nicklas Backstrom wins face-off versus Marcus Johansson in neutral zone.
17:08 of 1st period - Snap shot by Ryan Johansen.
17:08 of 1st period - Shot Misses the Net.
17:22 of 1st period - Kevin Hayes is hit by Fabian Brunnstrom and loses puck.
17:43 of 1st period - Snap shot by Derek Stepan.
17:43 of 1st period - Deflect By Ryan Murray.
17:43 of 1st period - Stopped by Carey Price without a rebound.
17:44 of 1st period - Derek Stepan wins face-off versus Vincent Lecavalier in Blues zone.
17:54 of 1st period - Shayne Gostisbehere is hit by Jaccob Slavin and loses puck.
18:13 of 1st period - Snap shot by Nino Niederreiter.
18:13 of 1st period - Stopped by Carey Price without a rebound.
18:14 of 1st period - Ryan Johansen wins face-off versus Nicklas Backstrom in Blues zone.
18:15 of 1st period - Slapshot by Marcus Johansson.
18:15 of 1st period - Shot Misses the Net.
18:17 of 1st period - Slapshot by Marco Scandella.
18:17 of 1st period - Shot Blocked by Alex Pietrangelo.
18:19 of 1st period - Snap shot by Nino Niederreiter.
18:19 of 1st period - Shot Misses the Net.
18:21 of 1st period - Snap shot by Ryan Johansen.
18:21 of 1st period - Shot Blocked by Jordan Eberle.
18:32 of 1st period - Minor Penalty to David Perron for High sticking.
18:33 of 1st period - Drew Shore wins face-off versus Derek Stepan in Blues zone.
18:33 of 1st period - Drew Shore is hit by Tyler Myers.
18:46 of 1st period - Jordan Eberle is hit by Adam Henrique and loses puck.
Goals for this period are 1 for Blues vs 0 for Jets.
Shots for this period are 4 for Blues vs 9 for Jets.
2nd period
0:01 of 2nd period - Derek Stepan wins face-off versus Drew Shore in neutral zone.
0:04 of 2nd period - Wrist shot by Corey Perry.
0:04 of 2nd period - Shot Misses the Net.
0:06 of 2nd period - Wrist shot by Adam Henrique.
0:06 of 2nd period - Shot Misses the Net.
0:08 of 2nd period - Snap shot by Corey Perry.
0:08 of 2nd period - Stopped by Carey Price with a rebound.
0:10 of 2nd period - Snap shot by Adam Henrique.
0:10 of 2nd period - Shot Misses the Net.
0:32 of 2nd period - Penalty to David Perron is over, David Perron is back on ice.
2:08 of 2nd period - Icing by Cody Ceci.
2:09 of 2nd period - Drew Shore wins face-off versus Erik Haula in Blues zone.
2:18 of 2nd period - Robert Hagg is hit by Cody Ceci and loses puck.
2:41 of 2nd period - Derek Stepan is hit by Jake Gardiner and loses puck.
2:56 of 2nd period - Snap shot by Nino Niederreiter.
2:56 of 2nd period - Shot Blocked by Jake Gardiner.
3:02 of 2nd period - Michael Matheson is hit by Drew Shore and loses puck.
3:11 of 2nd period - Alex Pietrangelo is hit by Marcus Johansson and loses puck.
3:23 of 2nd period - Marco Scandella is hit by Drew Shore.
3:47 of 2nd period - Nino Niederreiter is hit by Fabian Brunnstrom and loses puck.
4:02 of 2nd period - Slapshot by Anthony Mantha.
4:02 of 2nd period - Shot Misses the Net.
4:04 of 2nd period - Slapshot by Ryan Murray.
4:04 of 2nd period - Deflect By Drew Shore.
4:04 of 2nd period - Goal by Drew Shore - Blues : 2 - Jets : 0.
4:05 of 2nd period - Nicklas Backstrom wins face-off versus Derek Stepan in neutral zone.
4:13 of 2nd period - Off-side.
4:14 of 2nd period - Nicklas Backstrom wins face-off versus Adam Henrique in neutral zone.
4:30 of 2nd period - Minor Penalty to Corey Perry for Hooking.
4:31 of 2nd period - Filip Forsberg wins face-off versus Derek Stepan in Jets zone.
4:41 of 2nd period - Snap shot by Nicklas Backstrom.
4:41 of 2nd period - Stopped by Jonathan Bernier with a rebound.
6:30 of 2nd period - Penalty to Corey Perry is over, Corey Perry is back on ice.
6:43 of 2nd period - Minor Penalty to Fabian Brunnstrom for Tripping.
6:44 of 2nd period - Ryan Johansen wins face-off versus Drew Shore in Blues zone.
6:48 of 2nd period - Snap shot by Marcus Johansson.
6:48 of 2nd period - Shot Misses the Net.
6:50 of 2nd period - Slapshot by Marcus Johansson.
6:50 of 2nd period - Shot Blocked by Drew Shore.
6:52 of 2nd period - Snap shot by Jacob Trouba.
6:52 of 2nd period - Shot Misses the Net.
6:54 of 2nd period - Slapshot by Jaccob Slavin.
6:54 of 2nd period - Stopped by Carey Price without a rebound.
6:55 of 2nd period - Derek Stepan wins face-off versus Drew Shore in Blues zone.
7:02 of 2nd period - Wrist shot by Derek Stepan.
7:02 of 2nd period - Shot Misses the Net.
7:04 of 2nd period - Slapshot by Marco Scandella.
7:04 of 2nd period - Shot Misses the Net.
7:06 of 2nd period - Snap shot by Marco Scandella.
7:06 of 2nd period - Deflect By Derek Stepan.
7:06 of 2nd period - Shot Blocked by Yann Sauvé.
7:06 of 2nd period - Puck is out of play.
7:07 of 2nd period - Drew Shore wins face-off versus Derek Stepan in Blues zone.
8:43 of 2nd period - Penalty to Fabian Brunnstrom is over, Fabian Brunnstrom is back on ice.
9:10 of 2nd period - Robert Hagg is hit by Sergei Shirokov and loses puck.
9:42 of 2nd period - Wrist shot by Jaccob Slavin.
9:42 of 2nd period - Stopped by Carey Price with a rebound.
9:44 of 2nd period - Minor Penalty to Alex Pietrangelo for Hooking.
9:45 of 2nd period - Derek Stepan wins face-off versus Drew Shore in Blues zone.
9:46 of 2nd period - Wrist shot by Adam Henrique.
9:46 of 2nd period - Stopped by Carey Price with a rebound.
11:44 of 2nd period - Penalty to Alex Pietrangelo is over, Alex Pietrangelo is back on ice.
11:57 of 2nd period - Wrist shot by Jimmy Vesey.
11:57 of 2nd period - Shot Misses the Net.
12:13 of 2nd period - Jacob Trouba is hit by David Perron and loses puck.
13:01 of 2nd period - Tyler Myers is hit by Jimmy Vesey and loses puck.
13:15 of 2nd period - Minor Penalty to Yann Sauvé for Tripping.
13:16 of 2nd period - Derek Stepan wins face-off versus Drew Shore in Blues zone.
13:41 of 2nd period - Cody Ceci is hit by Marcus Johansson.
15:15 of 2nd period - Penalty to Yann Sauvé is over, Yann Sauvé is back on ice.
15:32 of 2nd period - Jimmy Vesey is hit by Jaccob Slavin and loses puck.
15:43 of 2nd period - Minor Penalty to Erik Haula for Holding.
15:44 of 2nd period - Nicklas Backstrom wins face-off versus Derek Stepan in Jets zone.
15:47 of 2nd period - Wrist shot by Alex Pietrangelo.
15:47 of 2nd period - Shot Blocked by Corey Perry.
15:49 of 2nd period - Slapshot by Filip Forsberg.
15:49 of 2nd period - Shot Misses the Net.
15:51 of 2nd period - Slapshot by Alex Pietrangelo.
15:51 of 2nd period - Stopped by Jonathan Bernier with a rebound.
15:53 of 2nd period - Snap shot by Jordan Eberle.
15:53 of 2nd period - Goal by Jordan Eberle - Blues : 3 - Jets : 0.
15:54 of 2nd period - Nicklas Backstrom wins face-off versus Derek Stepan in neutral zone.
16:09 of 2nd period - Slapshot by Jordan Eberle.
16:09 of 2nd period - Stopped by Jonathan Bernier with a rebound.
16:50 of 2nd period - Slapshot by Alex Pietrangelo.
16:50 of 2nd period - Shot Misses the Net.
16:52 of 2nd period - Snap shot by Alex Pietrangelo.
16:52 of 2nd period - Stopped by Jonathan Bernier with a rebound.
16:54 of 2nd period - Snap shot by Fabian Brunnstrom.
16:54 of 2nd period - Shot Blocked by Jacob Trouba.
17:04 of 2nd period - Gustav Nyquist is hit by Adam Henrique.
17:12 of 2nd period - Slapshot by Vincent Lecavalier.
17:12 of 2nd period - Stopped by Jonathan Bernier without a rebound.
17:13 of 2nd period - Ryan Johansen wins face-off versus Nicklas Backstrom in Jets zone.
17:13 of 2nd period - Ryan Johansen is hit by David Perron.
17:29 of 2nd period - Snap shot by Ryan Johansen.
17:29 of 2nd period - Stopped by Carey Price without a rebound.
17:30 of 2nd period - Ryan O'Reilly wins face-off versus Derek Stepan in Blues zone.
17:57 of 2nd period - Marco Scandella is hit by Yann Sauvé and loses puck.
18:22 of 2nd period - Snap shot by Fabian Brunnstrom.
18:22 of 2nd period - Goal by Fabian Brunnstrom - Blues : 4 - Jets : 0.
18:22 of 2nd period - Kari Lehtonen enters game.
18:23 of 2nd period - Nicklas Backstrom wins face-off versus Derek Stepan in neutral zone.
18:52 of 2nd period - Wrist shot by David Perron.
18:52 of 2nd period - Stopped by Kari Lehtonen without a rebound.
18:53 of 2nd period - Ryan O'Reilly wins face-off versus Ryan Johansen in Jets zone.
19:18 of 2nd period - Alex Pietrangelo is hit by Jaccob Slavin and loses puck.
19:29 of 2nd period - Snap shot by Ryan Johansen.
19:29 of 2nd period - Goal by Ryan Johansen - Blues : 4 - Jets : 1.
19:30 of 2nd period - Nicklas Backstrom wins face-off versus Derek Stepan in neutral zone.
Goals for this period are 3 for Blues vs 1 for Jets.
Shots for this period are 9 for Blues vs 6 for Jets.
3rd period
0:01 of 3rd period - Nicklas Backstrom wins face-off versus Derek Stepan in neutral zone.
0:12 of 3rd period - Wrist shot by Nicklas Backstrom.
0:12 of 3rd period - Stopped by Kari Lehtonen with a rebound.
0:14 of 3rd period - Slapshot by Alex Pietrangelo.
0:14 of 3rd period - Stopped by Kari Lehtonen with a rebound.
0:16 of 3rd period - Slapshot by Alex Pietrangelo.
0:16 of 3rd period - Deflect By Nicklas Backstrom.
0:16 of 3rd period - Goal by Nicklas Backstrom - Blues : 5 - Jets : 1.
0:17 of 3rd period - Corey Perry wins face-off versus Nicklas Backstrom in neutral zone.
0:49 of 3rd period - Slapshot by Jordan Eberle.
0:49 of 3rd period - Shot Misses the Net.
0:51 of 3rd period - Slapshot by Yann Sauvé.
0:51 of 3rd period - Stopped by Kari Lehtonen with a rebound.
0:53 of 3rd period - Snap shot by Filip Forsberg.
0:53 of 3rd period - Shot Misses the Net.
0:55 of 3rd period - Slapshot by Jake Gardiner.
0:55 of 3rd period - Deflect By Marcus Johansson.
0:55 of 3rd period - Stopped by Kari Lehtonen with a rebound.
0:59 of 3rd period - Wrist shot by Ryan O'Reilly.
0:59 of 3rd period - Stopped by Kari Lehtonen with a rebound.
2:07 of 3rd period - Snap shot by Ryan O'Reilly.
2:07 of 3rd period - Stopped by Kari Lehtonen with a rebound.
2:33 of 3rd period - Snap shot by Drew Shore.
2:33 of 3rd period - Stopped by Kari Lehtonen with a rebound.
3:19 of 3rd period - Michael Matheson is hit by Ryan O'Reilly and loses puck.
3:24 of 3rd period - Wrist shot by Sergei Shirokov.
3:24 of 3rd period - Shot Blocked by Robert Hagg.
3:26 of 3rd period - Snap shot by Jake Gardiner.
3:26 of 3rd period - Stopped by Kari Lehtonen with a rebound.
3:42 of 3rd period - Snap shot by Jordan Eberle.
3:42 of 3rd period - Shot Blocked by Robert Hagg.
3:44 of 3rd period - Slapshot by Nicklas Backstrom.
3:44 of 3rd period - Stopped by Kari Lehtonen without a rebound.
3:45 of 3rd period - Nicklas Backstrom wins face-off versus Ronalds Kenins in Jets zone.
4:10 of 3rd period - Nicklas Backstrom is hit by Erik Haula and loses puck.
4:19 of 3rd period - Slapshot by Ronalds Kenins.
4:19 of 3rd period - Goal by Ronalds Kenins - Blues : 5 - Jets : 2.
4:20 of 3rd period - Derek Stepan wins face-off versus Ryan O'Reilly in neutral zone.
5:04 of 3rd period - Wrist shot by Derek Stepan.
5:04 of 3rd period - Shot Blocked by Jake Gardiner.
5:39 of 3rd period - Wrist shot by Corey Perry.
5:39 of 3rd period - Stopped by Carey Price without a rebound.
5:40 of 3rd period - Nicklas Backstrom wins face-off versus Ryan Johansen in Blues zone.
5:42 of 3rd period - Minor Penalty to Jordan Eberle for Roughing.
5:43 of 3rd period - Ryan Johansen wins face-off versus Drew Shore in Blues zone.
7:11 of 3rd period - Icing by Kevin Hayes.
7:12 of 3rd period - Noel Acciari wins face-off versus Ryan O'Reilly in Jets zone.
7:42 of 3rd period - Penalty to Jordan Eberle is over, Jordan Eberle is back on ice.
7:51 of 3rd period - Snap shot by Jimmy Vesey.
7:51 of 3rd period - Stopped by Kari Lehtonen with a rebound.
8:09 of 3rd period - David Perron is hit by Miro Aaltonen and loses puck.
10:33 of 3rd period - Minor Penalty to Jaccob Slavin for Hooking.
10:34 of 3rd period - Nicklas Backstrom wins face-off versus Derek Stepan in Jets zone.
10:42 of 3rd period - Marco Scandella is hit by Filip Forsberg and loses puck.
12:33 of 3rd period - Penalty to Jaccob Slavin is over, Jaccob Slavin is back on ice.
14:37 of 3rd period - Nicklas Backstrom is hit by Robert Hagg and loses puck.
14:44 of 3rd period - Minor Penalty to Shayne Gostisbehere for Goalie Interference.
14:45 of 3rd period - Ryan Johansen wins face-off versus Jordan Eberle in Blues zone.
14:52 of 3rd period - Slapshot by Drew Shore.
14:52 of 3rd period - Stopped by Kari Lehtonen with a rebound.
15:22 of 3rd period - Drew Shore is hit by Tyler Myers.
16:30 of 3rd period - Ryan O'Reilly is hit by Marcus Johansson and loses puck.
16:44 of 3rd period - Penalty to Shayne Gostisbehere is over, Shayne Gostisbehere is back on ice.
17:05 of 3rd period - Snap shot by Nino Niederreiter.
17:05 of 3rd period - Stopped by Carey Price with a rebound.
17:27 of 3rd period - Snap shot by Jordan Eberle.
17:27 of 3rd period - Shot Blocked by Ryan Johansen.
17:29 of 3rd period - Wrist shot by Shayne Gostisbehere.
17:29 of 3rd period - Stopped by Kari Lehtonen with a rebound.
17:31 of 3rd period - Slapshot by Jake Gardiner.
17:31 of 3rd period - Shot Misses the Net.
17:33 of 3rd period - Snap shot by Jake Gardiner.
17:33 of 3rd period - Shot Blocked by Marco Scandella.
17:35 of 3rd period - Slapshot by Shayne Gostisbehere.
17:35 of 3rd period - Shot Misses the Net.
17:37 of 3rd period - Snap shot by Shayne Gostisbehere.
17:37 of 3rd period - Shot Misses the Net.
17:39 of 3rd period - Slapshot by Shayne Gostisbehere.
17:39 of 3rd period - Stopped by Kari Lehtonen without a rebound.
17:40 of 3rd period - Derek Stepan wins face-off versus Drew Shore in Jets zone.
17:53 of 3rd period - Snap shot by Anthony Mantha.
17:53 of 3rd period - Stopped by Kari Lehtonen without a rebound.
17:54 of 3rd period - Derek Stepan wins face-off versus Drew Shore in Jets zone.
18:00 of 3rd period - Off-side.
18:01 of 3rd period - Derek Stepan wins face-off versus Drew Shore in neutral zone.
18:04 of 3rd period - Wrist shot by Derek Stepan.
18:04 of 3rd period - Stopped by Carey Price without a rebound.
18:05 of 3rd period - Derek Stepan wins face-off versus Ryan O'Reilly in Blues zone.
18:12 of 3rd period - Wrist shot by Derek Stepan.
18:12 of 3rd period - Stopped by Carey Price without a rebound.
18:13 of 3rd period - Derek Stepan wins face-off versus Ryan O'Reilly in Blues zone.
18:44 of 3rd period - Wrist shot by Ryan O'Reilly.
18:44 of 3rd period - Stopped by Kari Lehtonen with a rebound.
18:46 of 3rd period - Slapshot by Sergei Shirokov.
18:46 of 3rd period - Shot Blocked by Jaccob Slavin.
18:48 of 3rd period - Wrist shot by Ryan O'Reilly.
18:48 of 3rd period - Shot Blocked by Jacob Trouba.
18:50 of 3rd period - Snap shot by Sergei Shirokov.
18:50 of 3rd period - Stopped by Kari Lehtonen without a rebound.
18:51 of 3rd period - Ryan Johansen wins face-off versus Nicklas Backstrom in Jets zone.
18:56 of 3rd period - Alex Pietrangelo is hit by Tyler Myers and loses puck.
19:03 of 3rd period - Slapshot by Ryan Johansen.
19:03 of 3rd period - Stopped by Carey Price without a rebound.
19:04 of 3rd period - Ryan Johansen wins face-off versus Nicklas Backstrom in Blues zone.
19:05 of 3rd period - Wrist shot by Marcus Johansson.
19:05 of 3rd period - Deflect By Ryan Johansen.
19:05 of 3rd period - Stopped by Carey Price without a rebound.
19:06 of 3rd period - Jordan Eberle wins face-off versus Ryan Johansen in Blues zone.
19:15 of 3rd period - Snap shot by Alex Pietrangelo.
19:15 of 3rd period - Stopped by Kari Lehtonen without a rebound.
19:16 of 3rd period - Nicklas Backstrom wins face-off versus Derek Stepan in Jets zone.
19:19 of 3rd period - Wrist shot by Nicklas Backstrom.
19:19 of 3rd period - Deflect By Jordan Eberle.
19:19 of 3rd period - Shot Misses the Net.
19:19 of 3rd period - Puck is out of play.
19:20 of 3rd period - Derek Stepan wins face-off versus Nicklas Backstrom in Jets zone.
Goals for this period are 1 for Blues vs 1 for Jets.
Shots for this period are 18 for Blues vs 7 for Jets.